 Dungeon Crawl Stone Soup version 0.28-a0-249-g9004c80361 (webtiles) character file.

Game seed: 11566126860017827603

288 ninemanmorris the Ruffian (level 6, 0/61 HPs)
             Began as a Troll Berserker on Aug 26, 2021.
             Was a Priest of Trog.
             Killed from afar by a white imp (8 damage)
             ... with a puff of frost
             ... on level 5 of the Dungeon.
             The game lasted 00:17:07 (2193 turns).

ninemanmorris the Ruffian (Troll Berserker)         Turns: 2193, Time: 00:17:08

Health: 0/61       AC:  4    Str: 28    XL:     6   Next: 9%
Magic:  5/5        EV: 10    Int:  3    God:    Trog [***...]
Gold:   126        SH:  0    Dex:  9    Spells: 5/5 levels left

rFire   . . .      SeeInvis .   s - +4 dagger
rCold   . . .      Faith    .   (no shield)
rNeg    . . .      Spirit   .   a - +0 animal skin
rPois   .          Reflect  .   (helmet restricted)
rElec   .          Harm     .   (no cloak)
rCorr   .          Rampage  .   (gloves unavailable)
Will    .....                   (boots unavailable)
Stlth   +.........              (no amulet)
HPRegen 1.20/turn               (no ring)
MPRegen 0.09/turn               (no ring)

@: about to teleport
A: large, unfitting armour, claws 3, regeneration 1, shaggy fur 1, tough skin 1
a: Renounce Religion, Berserk, Trog's Hand


You were on level 5 of the Dungeon.
You worshipped Trog.
Trog was most pleased with you.
You visited 1 branch of the dungeon, and saw 5 of its levels.

You collected 126 gold pieces.

Inventory:

Hand Weapons
 e - a +0 mace
 h - a +0 club
 i - a +0 hunting sling
 s - a +4 dagger (weapon)
Missiles
 k - 7 boomerangs (quivered)
 l - 25 arrows
 p - 31 stones
Armour
 a - a +0 animal skin (worn)
Jewellery
 g - a ring of protection from fire
 o - a ring of resist corrosion
Scrolls
 c - 2 scrolls of enchant weapon
 d - a scroll of acquirement
 f - 2 scrolls of identify
 q - a scroll of fear {unknown}
 r - a scroll of enchant armour {unknown}
 t - a scroll of silence {unknown}
Potions
 b - a potion of invisibility {unknown}
 j - a potion of flight {unknown}
 n - a potion of might {unknown}


   Skills:
 + Level 3.2 Fighting
 + Level 0.2 Short Blades
 + Level 3.8 Dodging
 + Level 5.1 Unarmed Combat


You had 5 spell levels left.
You didn't know any spells.
Your spell library was empty.

Dungeon Overview and Level Annotations

Branches:
Dungeon (5/15)             Temple (0/1) D:4

Altars:
Cheibriados
Wu Jian
The Shining One

Annotations:
D:4 Pikel


Innate Abilities, Weirdness & Mutations

You are too large for most types of armour.
You have claws for hands.
Your natural rate of healing is unusually fast.
You are covered in fur. (AC +1)
You have tough skin. (AC +1)


Message History

The arrow closely misses the white imp.
The white imp gestures at you. The puff of frost hits you!
You hit the centaur.
The centaur is lightly wounded.
The centaur unwields a +0 shortbow.
The centaur hits you.
* * * LOW HITPOINT WARNING * * *
The centaur closely misses you. The white imp gestures at you.
The puff of frost hits you!
* * * LOW HITPOINT WARNING * * *
You hit the centaur but do no damage.
The centaur is lightly wounded.
The centaur misses you.
The centaur kicks you but does no damage.
The white imp hits you.
* * * LOW HITPOINT WARNING * * *
The white imp freezes you.
* * * LOW HITPOINT WARNING * * *
As you read the scroll labelled SUF FARREECYDI, it crumbles to dust.
It is a scroll of enchant weapon.
Okay, then.
The centaur hits you but does no damage.
The centaur kicks you but does no damage.
The centaur closely misses you. The centaur barely misses you.
The white imp barely misses you.
This is a scroll of acquirement!
As you read the scroll labelled GUPSO ZIMYMN, it crumbles to dust.
It is a scroll of identify.
m - a scroll of teleportation The centaur hits you but does no damage.
The centaur barely misses you.
The white imp hits you but does no damage.
As you read the scroll of teleportation, it crumbles to dust.
You feel strangely unstable. The centaur closely misses you.
The centaur barely misses you. x2
The centaur kicks you but does no damage.
The white imp gestures at you. The puff of frost hits you!
You die...

..# # ..# #.
..# ##<##.#
...#.# #
...# .#
#c#####.####
#@....)....#
#5###.####.#
#.# #.# #)#
#.# #.. #.#
##. #.# .
#.# .##.#
#.#


You could see a centaur and a white imp.

Vanquished Creatures
  A hound (D:4)
  An orc priest (D:3)
  An iguana (D:5)
  An orc wizard (D:3)
  Robin (D:2)
  A gnoll (D:1)
  4 adders
  A white imp (D:3)
  An adder skeleton (D:4)
  5 worms
  2 dart slugs
  12 orcs
  3 ball pythons
  3 bats
  6 endoplasms
  2 giant cockroaches
  14 goblins
  10 hobgoblins
  6 kobolds
  3 quokkas
  3 frilled lizards (D:3)
  3 rats
84 creatures vanquished.

Notes
Turn   | Place    | Note
-------+----------+-------------------------------------------
     0 | D:1      | ninemanmorris the Troll Berserker began the quest for the
                  | Orb.
     0 | D:1      | Reached XP level 1. HP: 22/22 MP: 0/0
    25 | D:1      | Reached XP level 2. HP: 28/29 MP: 1/1
   115 | D:2      | Reached XP level 3. HP: 36/36 MP: 2/2
   328 | D:2      | Found a glowing golden altar of the Shining One.
   457 | D:2      | Noticed Robin
   499 | D:2      | Reached ** piety under Trog
   523 | D:2      | Killed Robin
   524 | D:2      | Reached XP level 4. HP: 44/44 MP: 3/3
   791 | D:3      | Reached skill level 4 in Unarmed Combat
  1258 | D:3      | Found an ornate altar of the Wu Jian Council.
  1345 | D:3      | Reached XP level 5. HP: 29/51 MP: 4/4
  1596 | D:4      | Found a snail-covered altar of Cheibriados.
  1793 | D:4      | Reached *** piety under Trog
  1870 | D:4      | Reached skill level 5 in Unarmed Combat
  1927 | D:4      | Found a staircase to the Ecumenical Temple.
  1968 | D:4      | Noticed a lemure
  1968 | D:4      | Noticed a lemure
  1968 | D:4      | Noticed a lemure
  1972 | D:4      | Noticed Pikel
  1992 | D:5      | Entered Level 5 of the Dungeon
  2139 | D:5      | Reached XP level 6. HP: 32/61 MP: 5/5
  2192 | D:5      | Identified a scroll of acquirement
  2193 | D:5      | Killed from afar by a white imp

Illustrated notes

Levels and vault maps discovered:
D:1:      dpeg_arrival_castle, layout_rooms
D:2:      layout_basic, serial_shops, nicolae_lakefront_shop, basic_altar,
          st_stairs_12, uniq_robin, uniq_terence
D:3:      kennysheep_six_static_rooms, layout_loops_cross,
          nicolae_wu_jian_wuxing_cycle
D:4:      layout_basic, cheibriados_altar_1, minmay_temple_entry_tees,
          minmay_quantized, uniq_pikel
D:5:      layout_loops_ring, mainiacjoe_overflow_tiny_flanked,
          minmay_fractal_squares_diagonal_5, uniq_grinder

Skill      XL: |  1  2  3  4  5 |
---------------+----------------+-----
Dodging        | 3 |  3.8
Fighting       | 3 |  3.2
Unarmed Combat | 4 5 |  5.1
Short Blades   | |  0.2

Action                   |  1- 3 |  4- 6 || total
-------------------------+-------+-------++-------
Melee: Unarmed           |    67 |   142 ||   209
       Punch             |     1 |     3 ||     4
       Dagger            |       |    26 ||    26
  Use: Scroll            |       |     3 ||     3
Armor: Animal skin       |    21 |    64 ||    85
Dodge: Dodged            |    31 |   112 ||   143

Table legend: (Time is in decaauts)
 A = Elapsed time spent in this place.
 B = Non-inter-level travel time spent in this place.
 C = Inter-level travel time spent in this place.
 D = Time resting spent in this place.
 E = Time spent auto-exploring this place.
 F = Levels seen in this place.
 G = Mean time per level.
                   A        B        C        D        E       F      G
               +--------+--------+--------+--------+--------+-----+--------+
         Total |   2178 |   2178 |      0 |    132 |      0 |   5 |  435.6 |
       Dungeon |   2178 |   2178 |      0 |    132 |      0 |   5 |  435.6 |
               +--------+--------+--------+--------+--------+-----+--------+

Top non-repeatable levels by time:
     D:3: 895 daAuts
     D:4: 545 daAuts
     D:2: 486 daAuts
     D:5: 139 daAuts
     D:1: 112 daAuts
